 Seeded DCSS version 0.27.1-2-g3b301248ec (webtiles) character file.

Game seed: 17979796883088392625 (custom seed)

248 babuloseo the Twirler (level 6, -2/46 HPs)
             Began as a Human Gladiator on Sept 26, 2021.
             Slain by a two-headed ogre (12 damage)
             ... on level 4 of the Dungeon.
             The game lasted 00:03:21 (2308 turns).

babuloseo the Twirler (Human Gladiator)             Turns: 2308, Time: 00:03:22

Health: -2/46      AC: 11    Str: 18    XL:     6   Next: 34%
Magic:  6/6        EV:  6    Int:  8    God:
Gold:   78         SH:  0    Dex: 15    Spells: 5/5 levels left

rFire    . . .     SeeInvis .   n - +5 lajatang of Departure {vorpal, rC+ Will++ rCorr Str+2}
rCold    + . .     Faith    .   (shield currently unavailable)
rNeg     . . .     Spirit   .   k - +0 plate armour
rPois    .         Reflect  .   c - +0 helmet
rElec    .         Harm     .   (no cloak)
rCorr    +         Rampage  .   (no gloves)
Will     ++...                  (no boots)
Stlth    ..........             h - amulet of regeneration
HPRegen  1.15/turn              j - +4 ring of slaying
MPRegen  0.10/turn              (no ring)

@: no status effects
A: no striking features
a: no special abilities


You were on level 4 of the Dungeon.
You visited 1 branch of the dungeon, and saw 4 of its levels.

You collected 78 gold pieces.

Inventory:

Hand Weapons
 a - a +0 quarterstaff
 n - the +5 lajatang of Departure (weapon) {vorpal, rC+ Will++ rCorr Str+2}
   (You took it off a goblin on level 4 of the Dungeon)

   It inflicts extra damage upon your enemies.
   Str:       It affects your strength (+2).
   rC:        It protects you from cold.
   rCorr:     It protects you from acid and corrosion.
   Will:      It greatly increases your willpower.
Armour
 b - a +0 leather armour
 c - a +0 helmet (worn)
 k - a +0 plate armour (worn)
Jewellery
 h - an amulet of regeneration (around neck)
 j - a +4 ring of slaying (left hand)
Scrolls
 g - a scroll of enchant armour {unknown}
 l - a scroll of teleportation {unknown}
 m - a scroll of magic mapping {unknown}
Potions
 e - a potion of berserk rage {unknown}
 f - 2 potions of curing {unknown}
 i - 2 potions of invisibility {unknown}
 o - a potion of degeneration {unknown}


   Skills:
 + Level 2.6 Fighting
 * Level 5.6 Staves
 - Level 2.0 Throwing
 + Level 1.5 Armour
 + Level 3.6 Dodging
 - Level 0.3 Stealth


You had 5 spell levels left.
You didn't know any spells.
Your spell library contained the following spells:

 Spells                   Type           Power      Damage    Failure   Level
 Corpse Rot               Necr/Air       N/A        N/A       100%        2
 Static Discharge         Conj/Air       0%         N/A       100%        2
 Dispel Undead            Necr           0%         3d6       100%        4
 Sticky Flame             Conj/Fire      0%         2d3       100%        4
 Death Channel            Necr           0%         N/A       100%        6


Dungeon Overview and Level Annotations

Branches:
Dungeon (4/15)
 Temple: D:4-7

Altars:

Shops:
D:3 (:[[


Message History

No target in view!
A ball python comes into view.
The ball python hisses angrily.
The ball python barely misses you. The ball python grabs you.
The ball python constricts you.
A ball python is nearby!
You hit the ball python.
You kill the ball python!
No target in view!
No target in view!
You see here a ball python corpse.
Found a quarterstaff and 8 gold pieces.
No target in view!
No target in view!
No target in view!
You see here a +0 quarterstaff.
You now have 78 gold pieces (gained 8).
A two-headed ogre comes into view. It is wielding two +0 giant clubs.
The two-headed ogre shouts in stereo!
Throw: throwing net
Press: ? - help, Q - select action Shift-Dir - straight line, f - two-headed ogre
Aim: a two-headed ogre, wielding two +0 giant clubs (77% to hit)
You throw a throwing net.
The throwing net barely misses the two-headed ogre.
You slash the two-headed ogre!
The two-headed ogre is lightly wounded.
The two-headed ogre hits you with a +0 giant club!
The two-headed ogre barely misses you.
You hit the two-headed ogre.
The two-headed ogre is moderately wounded.
The two-headed ogre completely misses you. x2
You barely miss the two-headed ogre.
The two-headed ogre is moderately wounded.
The two-headed ogre hits you with a +0 giant club! x2
* * * LOW HITPOINT WARNING * * *
You are too injured to fight recklessly!
You closely miss the two-headed ogre.
The two-headed ogre is moderately wounded.
The two-headed ogre hits you with a +0 giant club!
You die...

## ... #.## ...## #
# #..# ####
##.#.##.######.#
#.>.
.....#8.8#.(...#
#.## #.......@O#
#####8.8### ###
##.## #.. #.# #.#
#.# ##########.# #.#
#......)...#
#.#######.##########
#.........#
###########


You could see a two-headed ogre.

Vanquished Creatures
  A scorpion (D:4)
  A jelly (D:4)
  An iguana (D:2)
  2 hound skeletons (D:4)
  2 adders
  A gnoll (D:4)
  3 dart slugs
  2 orcs (D:4)
  6 ball pythons
  5 endoplasms
  4 giant cockroaches
  15 goblins
  4 hobgoblins
  2 jackals (D:1)
  2 quokkas (D:4)
  3 bats
  6 frilled lizards
  5 kobolds
  6 rats (D:1)
71 creatures vanquished.

Notes
Turn   | Place    | Note
-------+----------+-------------------------------------------
     0 | D:1      | babuloseo the Human Gladiator began the quest for the Orb.
     0 | D:1      | Reached XP level 1. HP: 16/16 MP: 1/1
    74 | D:1      | Reached XP level 2. HP: 22/22 MP: 2/2
   527 | D:1      | Reached XP level 3. HP: 27/27 MP: 3/3
   858 | D:2      | Reached skill level 4 in Staves
   858 | D:2      | Reached XP level 4. HP: 17/33 MP: 4/4
  1247 | D:2      | Found a faded altar of an unknown god.
  1477 | D:3      | Found Naoreuss's Book Shoppe.
  1748 | D:3      | Found Ynoatz's Antique Armour Emporium.
  1849 | D:3      | Found Cuh Hufu's Antique Armour Emporium.
  1927 | D:3      | Found Boshruss's Antique Weapon Emporium.
  1996 | D:4      | Reached skill level 1 in Armour
  1996 | D:4      | Reached XP level 5. HP: 38/38 MP: 5/5
  2098 | D:4      | Reached skill level 5 in Staves
  2103 | D:4      | Reached XP level 6. HP: 37/46 MP: 6/6
  2123 | D:4      | Identified the +5 lajatang of Departure {vorpal, rC+ Will++
                  | rCorr Str+2}
  2301 | D:4      | Noticed a two-headed ogre
  2308 | D:4      | Slain by a two-headed ogre

Illustrated notes

Levels and vault maps discovered:
D:1:      minmay_arrival_cross, layout_loops_ring
D:2:      layout_rooms, shapermc_ecumenical_altar_venn
D:3:      layout_basic, serial_shops, shop, nicolae_shop_behind_doors, shop,
          shop, uniq_ijyb
D:4:      minmay_octagon_keep, layout_loops_ring, ebering_ghost_reflecting_pool,
          small_statue_intersection

Skill      XL: |  1  2  3  4  5 |
---------------+----------------+-----
Staves         | 4 5 |  5.6
Armour         | 1 |  1.5
Fighting       | |  2.6
Throwing       | |  2.0
Dodging        | |  3.6
Stealth        | |  0.3

Action                   |  1- 3 |  4- 6 || total
-------------------------+-------+-------++-------
Melee: Quarterstaff      |    62 |    97 ||   159
       Lajatang          |       |    10 ||    10
Throw: Throwing net      |     2 |     3 ||     5
 Stab: Sleeping          |     2 |       ||     2
       Held in net/web   |       |     1 ||     1
Armor: Leather armour    |    22 |     5 ||    27
       Plate armour      |       |    33 ||    33
Dodge: Dodged            |    38 |    36 ||    74
